 Dungeon Crawl Stone Soup version 0.23-a0-61-g4bf3f6c (webtiles) character file.

73448 mhoghedin the Jinx (level 15, -1/91 HPs)
             Began as a Kobold Wizard on Aug 7, 2018.
             Was a High Priest of Sif Muna.
             Slain by a rakshasa
             ... wielding a +0 long sword
              (22 damage)
             ... on level 15 of the Dungeon on Aug 9, 2018.
             The game lasted 01:51:39 (33210 turns).

mhoghedin the Jinx (Kobold Wizard)                 Turns: 33210, Time: 01:51:40

Health: -1/91      AC: 10    Str:  6    XL:     15   Next: 90%
Magic:  0/36       EV: 29    Int: 24    God:    Sif Muna [*****.]
Gold:   1195       SH: 10    Dex: 22    Spells: 2/30 levels left

rFire    . . .     SeeInvis .   a - +0 rapier "Farghuar" {pierce, rElec MR+ MP+9}
rCold    + . .     Gourm    .   y - +3 buckler
rNeg     . . .     Faith    .   v - +2 robe {Archmagi}
rPois    .         Spirit   +   b - +0 hat
rElec    +         Reflect  .   R - scarf {repulsion}
rCorr    .         Harm     .   o - +2 pair of gloves
MR       ++...                  u - +2 pair of boots "Toiron" {rC+ Regen+ Stlth+}
Stlth    ++++++....             D - amulet of Sises {Spirit Dex+2}
HPRegen  0.65/turn              K - +6 ring of dexterity
MPRegen  0.25/turn              s - +4 ring of evasion

@: very slightly contaminated, invisible, divine energy, repel missiles
A: small, carnivore, subdued magic 1
a: Stop Divine Energy, Channel Magic, Forget Spell, Renounce Religion


You were on level 15 of the Dungeon.
You worshipped Sif Muna.
Sif Muna was extremely pleased with you.
You were not hungry.

You visited 3 branches of the dungeon, and saw 22 of its levels.

You collected 1345 gold pieces.
You spent 150 gold pieces at shops.

Inventory:

Hand Weapons
 a - the +0 rapier "Farghuar" (weapon) {pierce, rElec MR+ MP+9}
   (You found it on level 4 of the Dungeon)

   It inflicts extra damage upon your enemies.
   It insulates you from electricity.
   It affects your resistance to hostile enchantments.
   It affects your magic capacity (+9).
 V - a +1 demon blade of venom
   (You found it on level 13 of the Dungeon)
Missiles
 L - 279 arrows
Armour
 b - a +0 hat (worn)
 o - a +2 pair of gloves (worn)
   (You bought it in a shop on level 5 of the Dungeon)
 u - the +2 pair of boots "Toiron" (worn) {rC+ Regen+ Stlth+}
   (You found it on level 6 of the Lair of Beasts)

   It protects you from cold.
   It increases your rate of regeneration.
   It makes you more stealthy.
 v - a +2 robe of the Archmagi (worn)
   (You took it off Dowan on level 4 of the Dungeon)
 y - a +3 buckler (worn)
   (You found it on level 1 of the Lair of Beasts)
 R - a scarf of repulsion (worn)
   (You found it on level 12 of the Dungeon)
Jewellery
 f - an uncursed ring of resist corrosion
   (You found it on level 2 of the Dungeon)
 k - an uncursed ring of positive energy {rN+}
   (You took it off a kobold on level 2 of the Dungeon)
 s - a +4 ring of evasion (right hand)
   (You found it on level 1 of the Lair of Beasts)
 t - an uncursed ring of see invisible {sInv, !d}
   (You found it on level 5 of the Dungeon)
 A - the ring of Tender Moments {rElec MR+ EV-3}
   (You found it on level 3 of the Lair of Beasts)

   [ring of evasion]

   It affects your evasion (-3).
   It insulates you from electricity.
   It affects your resistance to hostile enchantments.
 D - the amulet of Sises (around neck) {Spirit Dex+2}
   (You found it on level 3 of the Lair of Beasts)

   [amulet of guardian spirit]

   It causes incoming damage to be split between your health and magic.
   It affects your dexterity (+2).
 F - an uncursed ring of flight {+Fly, !d}
   (You found it on level 4 of the Lair of Beasts)
 K - a +6 ring of dexterity (left hand)
   (You found it on level 5 of the Lair of Beasts)
 M - an uncursed ring of positive energy {rN+}
   (You found it on level 9 of the Dungeon)
 N - an uncursed ring of protection from fire {rF+, !d}
   (You found it on level 5 of the Lair of Beasts)
Wands
 r - a wand of disintegration (8)
   (You found it on level 5 of the Lair of Beasts)
 w - a wand of digging (18)
   (You found it on level 6 of the Dungeon)
 z - a wand of random effects (62)
   (You found it on level 1 of the Lair of Beasts)
 B - a wand of flame (91)
   (You found it on level 3 of the Lair of Beasts)
 H - a wand of enslavement (8)
   (You found it on level 4 of the Lair of Beasts)
 U - a wand of paralysis (17)
   (You found it on level 13 of the Dungeon)
Scrolls
 g - 8 scrolls of immolation {!r}
 h - 3 scrolls of amnesia
 m - 8 scrolls of remove curse
 q - a scroll of blinking {!r}
 x - 7 scrolls of fog
 C - 2 scrolls of enchant weapon
 O - 3 scrolls of teleportation
 P - a scroll of magic mapping {!r}
 Q - a scroll of acquirement {unknown}
 W - a scroll of fear
Potions
 c - 3 potions of flight
 e - 4 potions of curing
 j - a potion of magic
 l - a potion of haste
 n - 3 potions of brilliance
 E - 3 potions of agility
 G - 2 potions of cancellation
 T - a potion of resistance {unknown}
Miscellaneous
 i - 2 sacks of spiders
 p - a phial of floods (inert)
   (You found it on level 1 of the Lair of Beasts)
 I - a crystal ball of energy
   (You found it on level 6 of the Lair of Beasts)
Comestibles
 d - 38 rations


   Skills:
 - Level 9.4 Fighting
 - Level 11.1 Short Blades
 - Level 10.5 Dodging
 - Level 10.0 Stealth
 - Level 5.6 Shields
 - Level 8.3 Spellcasting
 - Level 3.9 Conjurations
 - Level 12.6 Hexes
 + Level 8.7 Summonings
 - Level 5.7 Translocations
 - Level 5.0 Transmutations
 - Level 3.1 Fire Magic
 - Level 3.7 Air Magic
 - Level 3.6 Poison Magic
 - Level 4.9 Invocations
 - Level 1.2 Evocations


You had 2 spell levels left.
You knew the following spells:

 Your Spells              Type           Power        Failure   Level  Hunger
a - Summon Forest         Summ/Tloc      ######....   7%          5    ####...
b - Blink                 Tloc           N/A          1%          2    None
d - Conjure Flame         Conj/Fire      ####....     3%          3    None
e - Invisibility          Hex            ######..     4%          6    ######.
f - Sticks to Snakes      Tmut           #####...     1%          2    None
g - Silence               Hex/Air        ######....   4%          5    ####...
s - Slow                  Hex            ######..     1%          2    None
x - Mephitic Cloud        Conj/Pois/Air  ####....     3%          3    None

Your spell library contained the following spells:

 Spells                   Type           Power        Failure   Level  Hunger
 Cause Fear               Hex            ######....   1%          4    ##.....
 Magic Dart               Conj           ####         1%          1    None
 Apportation              Tloc           #####.       1%          1    None
 Venom Bolt               Conj/Pois      ####......   30%         5    ####...
 Iskenderun's Mystic Bla  Conj           ####....     10%         4    ##.....
 Summon Ice Beast         Ice/Summ       #####...     9%          4    ##.....
 Call Imp                 Summ           ######..     1%          2    None
 Tukima's Dance           Hex            ######..     1%          3    None
 Summon Greater Demon     Summ           ######....   78%         7    #######
 Shock                    Conj/Air       ####         1%          1    None
 Spider Form              Tmut/Pois      #####.....   2%          3    None
 Blade Hands              Tmut           #####.....   19%         5    ####...
 Ice Form                 Ice/Tmut       ####....     19%         4    ##.....
 Deflect Missiles         Chrm/Air       ###.......   99%         6    ######.
 Airstrike                Air            ####......   12%         4    ##.....
 Call Canine Familiar     Summ           ######..     1%          3    None
 Summon Butterflies       Summ           ######..     1%          1    None
 Static Discharge         Conj/Air       ####....     2%          3    None
 Corona                   Hex            ######.      1%          1    None
 Alistair's Intoxication  Tmut/Pois      #####...     24%         5    ####...
 Portal Projectile        Hex/Tloc       ######       1%          3    None
 Leda's Liquefaction      Hex/Erth       #####.....   3%          4    ##.....
 Inner Flame              Hex/Fire       ######..     1%          3    None
 Beastly Appendage        Tmut           #####.       1%          1    None
 Searing Ray              Conj           ####..       1%          2    None
 Summon Mana Viper        Hex/Summ       ######..     1%          5    ####...
 Lesser Beckoning         Tloc           #####.....   1%          3    None


Dungeon Overview and Level Annotations

Branches:
Dungeon (15/15)            Temple (1/1) D:4            Lair (6/6) D:8
 Shoals (0/4) Lair:2       Spider (0/4) Lair:2        Slime (0/5) Lair:6
    Orc (0/2) D:12         Vaults (0/5) D:13
 Depths: D:15

Altars:
Ashenzari
Cheibriados
Dithmenos
Elyvilon
Fedhas
Gozag
Hepliaklqana
Kikubaaqudgha
Makhleb
Nemelex Xobeh
Okawaru
Qazlal
Ru
Sif Muna
Trog
Uskayaw
Vehumet
Wu Jian
Xom
Yredelemnul
Zin
The Shining One
Jiyva

Shops:
D:5 [   D:11 (   D:12 *   D:13 (

Annotations:
D:5 3 runed doors, biddum's ghost, novice GrEE
D:8 Maurice
D:9 1 runed door, ThereIsNoGod's ghost, journeyman GnTm
D:12 3 runed doors, Oddysee's ghost, journeyman GrFi
Lair:3 exclusion: 2 oklob plants
Lair:6 1 runed door


Innate Abilities, Weirdness & Mutations

You are small and have problems with some larger weapons.
You are carnivorous and can eat meat at any time.
Your spells are a little easier to cast, but a little less powerful.


Message History

Casting: Sticks to Snakes (safe; 1% risk of failure)
You feel a surge of power!
You create 2 snakes!
You now have 279 arrows.
Sif Muna grants you divine energy.
You briefly lose access to your magic!
You feel sick. The slime creature hits your dryad!!
You block the slime creature's attack.
Your snaplasher vine hits the slime creature!
Your ball python bites the slime creature but does no damage.
Your dryad hits the slime creature.
You take 2 damage, and have 24/91 hp.
You now have 0/36 mp.
You are unable to access your magic!
Firing (i - inventory) No suitable missiles.
Aim: a rakshasa, wielding a long sword and wearing a robe
Okay, then.
Unknown command.
Unknown command.
Unknown command.
You miss the rakshasa.
You feel sick.
The forest calms down.
Your snaplasher vine hits the slime creature!
The slime creature barely misses your dryad.
You block the slime creature's attack. The rakshasa closely misses you.
Your ball python bites the slime creature but does no damage.
You hit the rakshasa but do no damage.
Your adder barely misses the slime creature.
Your ball python bites the rakshasa but does no damage.
Your ball python grabs the rakshasa.
Your ball python constricts the rakshasa.
Your snaplasher vine hits the slime creature.
Your dryad hits the slime creature. The slime creature hits your dryad.
The slime creature barely misses you.
Okay, then.
Unknown command.
Unknown command.
You hit the rakshasa.
You feel sick.
A glowing orange brain comes into view.
Your adder barely misses the slime creature.
Your ball python bites the slime creature.
Your ball python bites the rakshasa but does no damage.
Your ball python constricts the rakshasa.
You block the rakshasa's attack.
Your snaplasher vine hits the slime creature.
You hit the rakshasa.
You regain access to your magic.
You feel sick.
Your dryad hits the slime creature!
Your adder bites the slime creature.
Your ball python bites the slime creature.
The slime creature hits your dryad!! The slime creature hits you!
* * * LOW HITPOINT WARNING * * *
Your ball python bites the rakshasa but does no damage.
Your ball python constricts the rakshasa.
Your snaplasher vine hits the slime creature!
You take 12 damage, and have 12/91 hp.
Unknown command.
You fade into invisibility!
You feel sick.
The rakshasa weaves an illusion.
Your ball python loses its grip on the rakshasa.
The slime creature shimmers and seems to become two!
Your adder bites the slime creature.
Your dryad hits the slime creature but does no damage.
Your ball python barely misses the slime creature.
Your snaplasher vine hits the slime creature.
Your ball python bites the rakshasa but does no damage.
Your ball python closely misses the rakshasa.
The slime creature hits your dryad. The slime creature misses you.
You are very lightly contaminated with residual magic.
You feel sick.
A human appears out of thin air!
The slime creature completely misses you.
Your adder bites the slime creature.
Your snaplasher vine hits the slime creature.
Your ball python barely misses the slime creature.
Your dryad hits the slime creature but does no damage.
The slime creature completely misses you.
The slime creature hits your dryad.
The slime creature hits your snaplasher vine.
Your adder completely misses the slime creature.
You take 1 damage, and have 11/91 hp.
You hit the slime creature but do no damage.
You feel sick.
Your snaplasher vine hits the slime creature!
Your ball python bites the slime creature.
Your ball python bites the rakshasa.
Your ball python barely misses the rakshasa.
Your dryad calls out to the forest.
The forest starts to sway and rumble!
The rakshasa weaves an illusion.
The slime creature shimmers and seems to become two!
Unknown command.
You feel better.
The human changes into an acid dragon!
A root smacks the rakshasa from below.
Your adder bites the slime creature.
You block the slime creature's attack.
The slime creature barely misses your dryad.
The slime creature barely misses your adder.
The glowing orange brain pulsates.
Your snaplasher vine hits the slime creature.
Your ball python bites the slime creature.
Your ball python closely misses the rakshasa.
Your ball python barely misses the rakshasa.
The rakshasa hits you with a long sword!!
You die...

##..### ##
#....# .. #.#.##
.## #.#.# #F.♣
#.#.## ♣#.D.
#.#..# ♣G.#
#....## ♣#S##
####..###♣#RSS##
#.....#@RJ..♣
#####.#JJJw─#
#.##...#♣
#..##.♣#
########...#†#
......S..#...#
###########♣♣♣


You could see a rakshasa, 4 slime creatures, a glowing orange brain, an acid
dragon shaped shifter, a bullfrog (wandering), a friendly dryad, a friendly
snaplasher vine, a friendly adder and 2 friendly ball pythons.

Vanquished Creatures
  Nessos (D:13)
  Azrael (D:14)
  A dire elephant (Lair:6)
  Fannar (D:12)
  7 hydras
  4 vault guards
  Erolcha (D:9)
  3 centaur warriors
  An ogre mage (D:13)
  A catoblepas (Lair:6)
  2 two-headed ogres (D:11)
  Nergalle (D:10)
  A lindwurm (Lair:6)
  10 wizards (D:13)
  A deep elf mage (D:13)
  2 orc knights
  A wolf spider (D:15)
  A mana viper (shapeshifter) (D:15)
  4 cyclopes
  3 slime creatures (D:15)
  4 manticores
  9 elephants
  3 ugly things
  Psyche (D:8)
  A centaur zombie (D:14)
  4 black mambas (Lair:6)
  12 spiny frogs
  4 centaur skeletons
  A freezing wraith (D:14)
  6 rime drakes
  5 komodo dragons
  A yaktaur (D:13)
  A komodo dragon (shapeshifter) (D:13)
  2 tengu conjurers (D:13)
  2 polar bears
  2 queen bees
  A merfolk (Lair:2)
  2 jumping spiders
  A wind drake (shapeshifter) (D:14)
  10 blink frogs
  Prince Ribbit (D:5)
  A hornet (D:14)
  A blink frog (shapeshifter) (D:15)
  10 hippogriffs
  Grinder (D:5)
  5 dream sheep (Lair:6)
  2 meliai zombies
  Sigmund (D:6)
  2 shadows
  A spriggan (Lair:5)
  A wraith (D:12)
  3 redbacks (Lair:2)
  5 wyverns
  24 yaks
  2 humans (D:13)
  4 basilisks
  A fire elemental (D:14)
  2 hungry ghosts (D:9)
  5 vampire mosquitoes
  Menkaure (D:5)
  A warg (D:15)
  An acid dragon (D:12)
  A soldier ant (D:13)
  2 hell hounds (D:14)
  7 porcupines
  12 water moccasins
  Duvessa (D:4)
  3 black bears
  7 orc warriors
  2 ice beasts
  A necrophage (D:9)
  A sky beast (D:10)
  A phantom (D:9)
  10 ogres
  5 wolves
  5 centaurs
  24 crocodiles
  5 big kobolds
  15 bullfrogs
  A wyvern zombie (D:13)
  Dowan (D:4)
  A water moccasin skeleton (D:6)
  2 scorpions
  56 killer bees
  3 electric eels
  4 howler monkeys
  3 crimson imps
  A bullfrog zombie (D:5)
  9 hounds
  A quasit (D:9)
  3 orc priests
  6 jellies
  3 bullfrog skeletons
  4 iguanas
  13 orc wizards
  11 worker ants
  6 hell rats
  2 hound skeletons
  2 worker ant zombies
  10 adders
  3 gnolls
  A river rat (Lair:3)
  An adder skeleton (D:7)
  4 worms
  A dart slug (D:2)
  6 leopard geckos
  34 orcs
  4 ball pythons
  10 bats
  4 giant cockroaches
  14 goblins
  12 hobgoblins
  16 jackals
  7 quokkas
  4 frilled lizards
  A hobgoblin zombie (D:5)
  49 kobolds
  A quokka zombie (D:5)
  8 rats
  A snaplasher vine (D:15)
619 creatures vanquished.

Vanquished Creatures (collateral kills)
  A two-headed ogre (D:15)
  An unseen horror (D:15)
  A wolf spider zombie (D:15)
  8 ugly things
  An elephant (Lair:4)
  A black mamba (Lair:6)
  3 centaur skeletons (D:15)
  A rime drake (Lair:1)
  A komodo dragon (Lair:4)
  2 tengu conjurers (D:15)
  4 slime creatures (D:15)
  A blink frog (Lair:4)
  A redback (Lair:2)
  A shadow (D:15)
  2 wyverns (D:15)
  3 fire elementals (D:14)
  An acid dragon (D:15)
  Edmund (D:6)
  2 hell hounds (D:14)
  2 porcupines
  An orc warrior (D:15)
  An ice beast (D:15)
  2 centaurs
  2 crocodiles (Lair:2)
  3 bullfrogs
  8 killer bees
  2 jellies
  An iguana (D:7)
  A worker ant (D:4)
  A gnoll (D:7)
  2 adders
  A river rat (Lair:3)
  A worm (D:2)
  A dart slug (D:2)
  An orc (D:7)
  A bat (D:2)
  A hobgoblin (D:2)
  A kobold (D:2)
  A butterfly (Lair:3)
70 creatures vanquished.

Vanquished Creatures (others)
  An efreet (D:15)
  An ogre (D:11)
  A bush (Lair:3)
  29 fungi
  20 plants
52 creatures vanquished.

Grand Total: 741 creatures vanquished

Notes
Turn   | Place    | Note
-------+----------+-------------------------------------------
     0 | D:1      | mhoghedin the Kobold Wizard began the quest for the Orb.
     0 | D:1      | Reached XP level 1. HP: 10/10 MP: 4/4
   237 | D:1      | Reached skill level 3 in Stealth
   237 | D:1      | Reached XP level 2. HP: 16/16 MP: 6/6
   545 | D:1      | Reached skill level 1 in Fighting
   545 | D:1      | Reached skill level 1 in Short Blades
   621 | D:1      | Reached XP level 3. HP: 10/20 MP: 2/7
   801 | D:1      | Learned a level 2 spell: Blink
   804 | D:1      | Learned a level 2 spell: Call Imp
   808 | D:1      | Learned a level 3 spell: Mephitic Cloud
   833 | D:1      | Reached skill level 3 in Dodging
  1433 | D:2      | HP: 5/20 [poisoned by an adder]
  1441 | D:2      | HP: 4/20 [poisoned by an adder]
  1927 | D:2      | Reached XP level 4. HP: 16/25 MP: 1/8
  2395 | D:2      | Reached skill level 2 in Short Blades
  2780 | D:2      | Reached skill level 4 in Stealth
  2924 | D:2      | Reached skill level 2 in Fighting
  3083 | D:2      | Reached XP level 5. HP: 25/30 MP: 1/9
  3231 | D:2      | HP: 7/30 [quokka (5)]
  4762 | D:3      | Found an iron altar of Okawaru.
  4856 | D:4      | Found a staircase to the Ecumenical Temple.
  4869 | Temple   | Entered the Ecumenical Temple
  4971 | Temple   | Became a worshipper of Sif Muna the Loreminder
  5392 | D:4      | Reached skill level 1 in Air Magic
  5392 | D:4      | Reached skill level 1 in Poison Magic
  5392 | D:4      | Reached XP level 6. HP: 26/35 MP: 1/10
  5617 | D:4      | Noticed Duvessa
  5634 | D:4      | Noticed Dowan
  5647 | D:5      | Entered Level 5 of the Dungeon
  5647 | D:5      | Noticed Grinder
  5662 | D:5      | Killed Grinder
  5662 | D:5      | Reached skill level 2 in Conjurations
  5662 | D:5      | Reached skill level 2 in Summonings
  5662 | D:5      | Reached skill level 2 in Translocations
  5662 | D:5      | Reached XP level 7. HP: 40/40 MP: 5/11
  5668 | D:5      | Reached skill level 2 in Air Magic
  5707 | D:5      | Learned a level 3 spell: Conjure Flame
  5715 | D:5      | Reached skill level 2 in Poison Magic
  5719 | D:5      | Found a runed gate.
  5721 | D:5      | Found a runed gate.
  5722 | D:5      | Found a runed gate.
  5764 | D:5      | Noticed biddum's ghost (novice GrEE)
  5766 | D:5      | Noticed Prince Ribbit
  5779 | D:5      | Killed Prince Ribbit
  5779 | D:5      | Reached * piety under Sif Muna
  5788 | D:5      | Got a smelly ring mail
  5799 | D:5      | Identified the +4 ring mail of the Hanged Man {+Fly Dex+4} (You found it on level 5 of the Dungeon)
  5957 | D:5      | Reached skill level 3 in Conjurations
  6142 | D:4      | Killed Duvessa
  6142 | D:4      | Reached skill level 2 in Fire Magic
  6142 | D:4      | Reached XP level 8. HP: 20/44 MP: 12/12
  6143 | D:4      | HP: 16/66 [Dowan/dagger (5)]
  6200 | D:4      | Killed Dowan
  6258 | D:4      | Found a deep blue altar of Sif Muna.
  6271 | D:4      | Reached skill level 4 in Dodging
  6271 | D:4      | Reached skill level 3 in Short Blades
  6444 | D:4      | Got a shimmering rapier
  6445 | D:4      | Identified the +0 rapier "Farghuar" {pierce, rElec MR+ MP+9} (You found it on level 4 of the Dungeon)
  7042 | D:4      | Reached skill level 3 in Fighting
  7042 | D:4      | Reached skill level 5 in Stealth
  7357 | D:5      | Noticed Menkaure
  7385 | D:5      | Killed Menkaure
  7385 | D:5      | Reached skill level 4 in Short Blades
  7713 | D:5      | Found Joahunec's Antique Armour Shop.
  7750 | D:5      | Bought a pair of embroidered gloves for 150 gold pieces
  7866 | D:5      | Reached skill level 5 in Dodging
  8154 | D:6      | Reached skill level 6 in Stealth
  8154 | D:6      | Reached XP level 9. HP: 32/52 MP: 13/13
  8398 | D:6      | Reached skill level 4 in Fighting
  8649 | D:6      | Reached skill level 5 in Short Blades
  8862 | D:6      | Noticed Sigmund
  8871 | D:6      | Killed Sigmund
  8871 | D:6      | Reached skill level 7 in Stealth
  8915 | D:6      | Noticed Edmund
  8927 | D:6      | Killed Edmund
  8927 | D:6      | Reached skill level 6 in Dodging
  9195 | D:6      | Learned a level 2 spell: Slow
  9319 | D:6      | Reached ** piety under Sif Muna
  9453 | D:6      | Reached skill level 3 in Summonings
  9453 | D:6      | Reached skill level 3 in Air Magic
  9461 | D:6      | Reached skill level 1 in Hexes
  9461 | D:6      | Reached skill level 3 in Poison Magic
  9820 | D:7      | Reached skill level 3 in Fire Magic
 10136 | D:7      | HP: 8/53 [centaur/arrow (10)]
 10151 | D:7      | HP: 8/53 [centaur/arrow (6)]
 10451 | D:7      | Reached skill level 5 in Fighting
 10451 | D:7      | Reached skill level 6 in Short Blades
 10502 | D:7      | Reached XP level 10. HP: 20/59 MP: 7/14
 10520 | D:7      | Found a stormy altar of Qazlal.
 11158 | D:8      | Found a hazy altar of Hepliaklqana.
 11159 | D:8      | Found a shimmering altar of Xom.
 11160 | D:8      | Noticed a spectral ugly thing
 11196 | D:8      | Found a staircase to the Lair.
 11232 | D:8      | Noticed Maurice
 11232 | D:8      | Noticed Psyche
 11247 | Lair:1   | Entered Level 1 of the Lair of Beasts
 11398 | Lair:1   | Reached skill level 7 in Short Blades
 11398 | Lair:1   | Reached skill level 7 in Dodging
 11405 | Lair:1   | Noticed a rime drake
 11408 | Lair:1   | Noticed a spiny frog
 11427 | Lair:1   | Killed a rime drake
 11427 | Lair:1   | Reached skill level 6 in Fighting
 11429 | Lair:1   | Killed a spiny frog
 11609 | Lair:1   | Noticed a spiny frog
 11626 | Lair:1   | Killed a spiny frog
 11626 | Lair:1   | Reached skill level 8 in Short Blades
 11866 | Lair:1   | Reached skill level 8 in Dodging
 11971 | Lair:1   | Noticed a seven-headed hydra
 12001 | Lair:1   | HP: 22/91 [seven-headed hydra (6)]
 12003 | Lair:1   | HP: 9/91 [seven-headed hydra (13)]
 12004 | Lair:1   | Killed a seven-headed hydra
 12004 | Lair:1   | Reached skill level 7 in Fighting
 12746 | Lair:2   | Noticed a spiny frog
 12781 | Lair:2   | Killed a spiny frog
 12781 | Lair:2   | Reached skill level 2 in Shields
 12781 | Lair:2   | Reached XP level 11. HP: 52/67 MP: 15/15
 12817 | Lair:2   | Reached skill level 3 in Shields
 13052 | Lair:2   | Reached *** piety under Sif Muna
 13052 | Lair:2   | Reached skill level 4 in Shields
 13148 | Lair:2   | Reached skill level 5 in Shields
 13167 | Lair:2   | HP: 14/67 [polar bear (19)]
 13594 | Lair:2   | Got an encrusted chain mail
 13629 | Lair:2   | Reached skill level 2 in Hexes
 13797 | Lair:2   | Reached skill level 3 in Hexes
 13818 | Lair:2   | Reached skill level 4 in Spellcasting
 14177 | Lair:2   | Found a staircase to the Shoals.
 14342 | Lair:2   | Learned a level 6 spell: Invisibility
 14354 | Lair:2   | Reached skill level 4 in Hexes
 14410 | Lair:2   | Reached **** piety under Sif Muna
 14900 | Lair:2   | Found a hole to the Spider Nest.
 14929 | Lair:2   | Reached skill level 5 in Hexes
 15139 | Lair:3   | Noticed an oklob plant
 15142 | Lair:3   | Noticed an oklob plant
 15158 | Lair:3   | HP: 10/67 [acid (7)]
 15164 | Lair:3   | HP: 2/100 [crocodile (14)]
 15472 | Lair:3   | Reached skill level 6 in Hexes
 15472 | Lair:3   | Reached XP level 12. HP: 38/72 MP: 10/18
 15499 | Lair:3   | HP: 15/72 [komodo dragon (28)]
 15503 | Lair:3   | Reached skill level 1 in Invocations
 15580 | Lair:3   | Reached skill level 2 in Invocations
 15686 | Lair:3   | Reached skill level 7 in Hexes
 16263 | Lair:3   | Reached skill level 8 in Hexes
 16746 | Lair:3   | Got a warped granite ring
 16747 | Lair:3   | Identified the cursed ring of Tender Moments {rElec MR+ EV-3} (You found it on level 3 of the Lair of Beasts)
 16829 | Lair:3   | Reached skill level 9 in Hexes
 17005 | Lair:3   | Got a scintillating platinum amulet
 17012 | Lair:3   | Identified the amulet of Sises {Spirit Dex+2} (You found it on level 3 of the Lair of Beasts)
 17587 | Lair:4   | Upgraded the game from 0.23-a0-49-gd9f7a49 to 0.23-a0-54-gae6112e
 17803 | Lair:4   | You fall through a shaft for 2 floors!
 17803 | Lair:6   | Entered Level 6 of the Lair of Beasts
 17831 | Lair:6   | Reached skill level 10 in Hexes
 18010 | Lair:6   | HP: 18/108 [black mamba (14)]
 18015 | Lair:6   | HP: 11/72 [poisoned by a black mamba]
 18020 | Lair:6   | HP: 7/72 [poisoned by a black mamba]
 18027 | Lair:6   | HP: 6/72 [poisoned by a black mamba]
 18032 | Lair:6   | HP: 5/72 [poisoned by a black mamba]
 18615 | Lair:4   | Reached ***** piety under Sif Muna
 19381 | Lair:4   | Gained mutation: Your spells are a little easier to cast, but a little less powerful. [mutagenic glow]
 19708 | Lair:4   | Reached skill level 11 in Hexes
 19708 | Lair:4   | Reached XP level 13. HP: 76/76 MP: 15/19
 20260 | Lair:5   | Identified Giawun's Handbook of Confrontation (Sif Muna gifted it to you on level 5 of the Lair of Beasts)
 20260 | Lair:5   | Received a gift from Sif Muna
 20461 | Lair:5   | Noticed a five-headed hydra
 20489 | Lair:5   | Killed a five-headed hydra
 20489 | Lair:5   | Reached skill level 9 in Short Blades
 20720 | Lair:5   | Reached skill level 3 in Invocations
 21128 | Lair:6   | Noticed a seven-headed hydra
 21804 | Lair:6   | Reached skill level 9 in Dodging
 21804 | Lair:6   | Reached skill level 8 in Stealth
 22117 | Lair:6   | Found a runed door.
 22117 | Lair:6   | Found a viscous altar of Jiyva.
 22118 | Lair:6   | Found a staircase to the Slime Pits.
 22151 | Lair:6   | Noticed an eight-headed hydra
 22165 | Lair:6   | Reached skill level 8 in Fighting
 22175 | Lair:6   | Reached skill level 4 in Invocations
 22181 | Lair:6   | Killed an eight-headed hydra
 22372 | Lair:6   | Noticed a four-headed hydra
 22393 | Lair:6   | Killed a four-headed hydra
 22610 | Lair:6   | Reached skill level 10 in Short Blades
 22616 | Lair:6   | Reached skill level 9 in Stealth
 22633 | Lair:6   | Killed a seven-headed hydra
 23540 | Lair:6   | Noticed a seven-headed hydra
 23561 | Lair:6   | Reached skill level 10 in Dodging
 23694 | Lair:6   | Killed a seven-headed hydra
 23778 | Lair:6   | Reached XP level 14. HP: 84/84 MP: 20/20
 23802 | Lair:6   | Got a pair of crude boots
 23810 | Lair:6   | Reached skill level 12 in Hexes
 23969 | Lair:6   | Noticed a dire elephant
 23989 | Lair:6   | Killed a dire elephant
 24028 | Lair:6   | Identified the +2 pair of boots "Toiron" {rC+ Regen+ Stlth+} (You found it on level 6 of the Lair of Beasts)
 24351 | D:8      | Found a glowing silver altar of Zin.
 24357 | D:8      | Found a glowing golden altar of the Shining One.
 25203 | D:8      | Killed Psyche
 25313 | D:9      | Noticed ThereIsNoGod's ghost (journeyman GnTm)
 25317 | D:9      | Found a runed door.
 25334 | D:9      | Reached skill level 5 in Spellcasting
 25346 | D:9      | Noticed Erolcha
 25427 | D:9      | Killed Erolcha
 25436 | D:9      | Reached skill level 6 in Spellcasting
 25545 | D:9      | Learned a level 2 spell: Sticks to Snakes
 25818 | D:9      | Reached skill level 1 in Transmutations
 25831 | D:9      | Identified Cobulas's Almanac of Supportive Lightness (Sif Muna gifted it to you on level 9 of the Dungeon)
 25831 | D:9      | Received a gift from Sif Muna
 26219 | D:10     | Entered Level 10 of the Dungeon
 26283 | D:10     | Reached skill level 2 in Transmutations
 27274 | D:10     | Reached skill level 3 in Transmutations
 27394 | D:10     | Noticed Nergalle
 27410 | D:10     | Killed Nergalle
 27809 | D:11     | Reached skill level 4 in Transmutations
 27978 | D:11     | Found Futtidd's Antique Weapon Shop.
 28003 | D:11     | Reached skill level 5 in Transmutations
 28239 | D:11     | Learned a level 5 spell: Silence
 28350 | D:11     | Reached skill level 7 in Spellcasting
 28686 | D:12     | Upgraded the game from 0.23-a0-54-gae6112e to 0.23-a0-61-g4bf3f6c
 28875 | D:12     | Found a staircase to the Orcish Mines.
 29322 | D:12     | Noticed Fannar
 29336 | D:12     | Killed Fannar
 29336 | D:12     | Reached skill level 8 in Spellcasting
 29465 | D:12     | Found a runed gate.
 29466 | D:12     | Found an opulent altar of Gozag.
 29466 | D:12     | Found Pesmoyv's Assorted Antiques.
 29467 | D:12     | Found a runed gate.
 29467 | D:12     | Found a runed gate.
 29467 | D:12     | Noticed Oddysee's ghost (journeyman GrFi)
 29791 | D:13     | Noticed Nessos
 29834 | D:13     | Killed Nessos
 29834 | D:13     | Reached skill level 1 in Evocations
 30086 | D:13     | Reached skill level 9 in Fighting
 30095 | D:13     | Reached XP level 15. HP: 90/90 MP: 14/27
 30192 | D:12     | Reached skill level 10 in Stealth
 30607 | D:13     | Found a gate to the Vaults.
 30628 | D:13     | Reached skill level 11 in Short Blades
 30645 | D:13     | Learned a level 5 spell: Summon Forest
 30710 | D:13     | Got a transparent scale mail
 30747 | D:13     | Found a shattered altar of Ashenzari.
 30829 | D:13     | Reached skill level 3 in Translocations
 30929 | D:13     | Found Jiwnazuy's Antique Weapon Shoppe.
 31034 | D:13     | Reached skill level 4 in Summonings
 31037 | D:13     | Identified Sif Muna's Grimoire of Supportive Transmutation (Sif Muna gifted it to you on level 13 of the Dungeon)
 31037 | D:13     | Received a gift from Sif Muna
 31101 | D:13     | Reached skill level 4 in Translocations
 31120 | D:13     | Reached skill level 5 in Summonings
 31453 | D:14     | Reached skill level 5 in Translocations
 31747 | D:14     | Found a snail-covered altar of Cheibriados.
 31800 | D:14     | Noticed Azrael
 31857 | D:14     | Killed Azrael
 31857 | D:14     | Reached skill level 6 in Summonings
 32219 | D:14     | HP: 22/91 [white ugly thing (14)]
 32517 | D:15     | Entered Level 15 of the Dungeon
 32545 | D:15     | Reached skill level 7 in Summonings
 32702 | D:15     | Reached skill level 8 in Summonings
 32868 | D:15     | HP: 20/91 [wolf spider (15)]
 32873 | D:15     | HP: 18/91 [poisoned by a wolf spider]
 32879 | D:15     | HP: 18/91 [poisoned by a wolf spider]
 32886 | D:15     | HP: 20/91 [poisoned by a wolf spider]
 32893 | D:15     | HP: 22/91 [poisoned by a wolf spider]
 33206 | D:15     | HP: 12/91 [slime creature (illusionary) (11)]
 33210 | D:15     | Slain by a rakshasa

Vault maps used:
D:1:      minmay_arrival_nine_rooms, nrook_uturn
D:2:      minmay_diamond_boxcup, first_ration, hangedman_decor_clover_reticule,
          kennysheep_generic_room_3
D:3:      okawaru_altar_gauntlet_db
D:4:      cheibrodos_thug_alley, temple_pool_b, corexii_hall_statues_x,
          led_sif_book, uniq_duvessa
D:5:      enter_ossuary_3, gammafunk_ghost_nasty_kobolds, serial_shops, shop,
          st_stairs_5, uniq_menkaure, uniq_grinder, uniq_prince_ribbit1
D:6:      uniq_edmund, uniq_sigmund
D:7:      nicolae_qazlal_eye_of_the_storm
D:8:      kennysheep_kobold_camp, regret_index_temple_of_mockery,
          grunt_temple_overflow_open, lair_entry_dummy, uniq_psyche,
          uniq_maurice
D:9:      hellmonk_ghost_happy_afterlife, uniq_erolcha
D:10:     uniq_nergalle
D:11:     serial_shops, nicolae_shop_crystal
D:12:     david_orc_3, ebering_ghost_gozag, uniq_fannar
D:13:     minmay_wizard_corner, grunt_vaults_entry_fortified, serial_shops,
          kennysheep_mini, basic_altar, uniq_nessos
D:14:     basic_altar, minmay_misc_feat_four_crosses, uniq_azrael
D:15:     gammafunk_enter_depths_forms, special_room
Temple:   compressed_dpeg_circular_temple
Lair:1:   lemuel_fruit_fields
Lair:2:   elwin_shoals_entry_rooms, nicolae_spider_entry_tight_spaces,
          special_room, beast_lair_carwin_7
Lair:3:   regret_index_bee_streams, lemuel_fruit_fields, grunt_megastairs_3,
          minmay_lair_oklob_chamber
Lair:4:   portal_ice_cave_rime, nicolae_volcano_entry_hallway,
          nicolae_quartered_pool_super
Lair:5:   grunt_forest_stairs_clearing
Lair:6:   hangedman_lair_in_review, slime_altar_2

Skill      XL: |  1  2  3  4  5  6  7  8  9 10 11 12 13 14 15 |
---------------+----------------------------------------------+-----
Stealth        | 3 4 6 7 9 10 | 10.0
Fighting       | 1 2 3 5 7 8 9 |  9.4
Short Blades   | 1 2 4 6 8 10 11 | 11.1
Dodging        | 3 5 6 8 10 | 10.5
Air Magic      | 1 2 3 |  3.7
Poison Magic   | 1 2 3 |  3.6
Conjurations   | 2 3 |  3.9
Summonings     | 2 3 8 |  8.7
Translocations | 2 5 |  5.7
Fire Magic     | 2 3 |  3.1
Hexes          | 1 6 11 12 | 12.6
Shields        | 2 5 |  5.6
Spellcasting   | 4 8 |  8.3
Invocations    | 2 4 |  4.9
Transmutations | 5 |  5.0
Evocations     | 1 |  1.2

Action                   |  1- 3 |  4- 6 |  7- 9 | 10-12 | 13-15 || total
-------------------------+-------+-------+-------+-------+-------++-------
Melee: Dagger            |   127 |   148 |       |       |       ||   275
       Rapier            |       |   140 |   393 |   755 |  2110 ||  3398
 Cast: Magic Dart        |    37 |    36 |    26 |   116 |     5 ||   220
       Call Imp          |     3 |    10 |    27 |    48 |     9 ||    97
       Mephitic Cloud    |       |       |    37 |    78 |    55 ||   170
       Conjure Flame     |       |       |     5 |    33 |    25 ||    63
       Blink             |       |       |     8 |    22 |    13 ||    43
       Slow              |       |       |     4 |     7 |    47 ||    58
       Invisibility      |       |       |       |     6 |    22 ||    28
       Sticks to Snakes  |       |       |       |       |    32 ||    32
       Summon Forest     |       |       |       |       |     8 ||     8
       Silence           |       |       |       |       |     1 ||     1
Invok: Divine Energy     |       |       |     1 |       |       ||     1
       Channel Magic     |       |       |       |     1 |       ||     1
Evoke: Wand              |       |       |       |     8 |    15 ||    23
       Phial of floods   |       |       |       |     1 |     3 ||     4
       Sack of spiders   |       |       |       |       |     1 ||     1
  Use: Potion            |     1 |     2 |     8 |     7 |     2 ||    20
       Scroll            |       |     8 |     3 |    11 |    12 ||    34
 Stab: Sleeping          |     5 |    14 |     5 |     9 |    46 ||    79
       Invisible         |       |     2 |       |    25 |    93 ||   120
       Distracted        |       |     2 |     2 |     5 |    12 ||    21
       Confused          |       |       |    13 |    26 |    21 ||    60
  Eat: Chunk             |    10 |    11 |    16 |    30 |    60 ||   127
       Ration            |       |       |     1 |     7 |       ||     8
Armor: Robe              |    43 |    33 |    52 |    60 |   137 ||   325
       Skin              |       |     7 |     5 |       |       ||    12
Dodge: Dodged            |   147 |   220 |   318 |   604 |  1420 ||  2709
       Deflected         |       |       |       |       |    15 ||    15
Block: Buckler           |       |       |       |   214 |   763 ||   977

Table legend:
 A = Non-vault XP
 B = Vault XP
 C = Vault XP percentage of total XP
 D = Non-vault monster count
 E = Vault monster count
 F = Vault count percentage of total count
 G = Total turns spent on level
                 A         B        C        D         E       F
            +---------+---------+-------+---------+---------+-------
      Total |   85372 |   19555 |  18.6 |     646 |      43 |   6.2
            +---------+---------+-------+---------+---------+-------
        D:1 |      44 |       0 |   0.0 |      26 |       0 |   0.0
        D:2 |     110 |       0 |   0.0 |      38 |       0 |   0.0
        D:3 |      61 |       0 |   0.0 |      29 |       0 |   0.0
        D:4 |     608 |       0 |   0.0 |      28 |       0 |   0.0
        D:5 |    1120 |       0 |   0.0 |      21 |       0 |   0.0
        D:6 |    1573 |       0 |   0.0 |      25 |       0 |   0.0
        D:7 |     746 |       0 |   0.0 |      21 |       0 |   0.0
        D:8 |     757 |       0 |   0.0 |      30 |       0 |   0.0
        D:9 |    4631 |       0 |   0.0 |      48 |       0 |   0.0
       D:10 |    2266 |       0 |   0.0 |      35 |       0 |   0.0
       D:11 |    5581 |       0 |   0.0 |      28 |       0 |   0.0
       D:12 |    2423 |    2314 |  48.8 |      10 |       9 |  47.4
       D:13 |    5046 |   12940 |  71.9 |      21 |      19 |  47.5
       D:14 |    5211 |    2154 |  29.2 |      19 |       9 |  32.1
       D:15 |    8814 |    2147 |  19.6 |      38 |       6 |  13.6
     Lair:1 |    2920 |       0 |   0.0 |      14 |       0 |   0.0
     Lair:2 |    7546 |       0 |   0.0 |      59 |       0 |   0.0
     Lair:3 |    6795 |       0 |   0.0 |      57 |       0 |   0.0
     Lair:4 |    5988 |       0 |   0.0 |      29 |       0 |   0.0
     Lair:5 |    3399 |       0 |   0.0 |      14 |       0 |   0.0
     Lair:6 |   19733 |       0 |   0.0 |      56 |       0 |   0.0
            +---------+---------+-------+---------+---------+-------

Vault maps used:
D:1:      minmay_arrival_nine_rooms, nrook_uturn
D:2:      minmay_diamond_boxcup, first_ration, hangedman_decor_clover_reticule,
          kennysheep_generic_room_3
D:3:      okawaru_altar_gauntlet_db
D:4:      cheibrodos_thug_alley, temple_pool_b, corexii_hall_statues_x,
          led_sif_book, uniq_duvessa
D:5:      enter_ossuary_3, gammafunk_ghost_nasty_kobolds, serial_shops, shop,
          st_stairs_5, uniq_menkaure, uniq_grinder, uniq_prince_ribbit1
D:6:      uniq_edmund, uniq_sigmund
D:7:      nicolae_qazlal_eye_of_the_storm
D:8:      kennysheep_kobold_camp, regret_index_temple_of_mockery,
          grunt_temple_overflow_open, lair_entry_dummy, uniq_psyche,
          uniq_maurice
D:9:      hellmonk_ghost_happy_afterlife, uniq_erolcha
D:10:     uniq_nergalle
D:11:     serial_shops, nicolae_shop_crystal
D:12:     david_orc_3, ebering_ghost_gozag, uniq_fannar
D:13:     minmay_wizard_corner, grunt_vaults_entry_fortified, serial_shops,
          kennysheep_mini, basic_altar, uniq_nessos
D:14:     basic_altar, minmay_misc_feat_four_crosses, uniq_azrael
D:15:     gammafunk_enter_depths_forms, special_room
Temple:   compressed_dpeg_circular_temple
Lair:1:   lemuel_fruit_fields
Lair:2:   elwin_shoals_entry_rooms, nicolae_spider_entry_tight_spaces,
          special_room, beast_lair_carwin_7
Lair:3:   regret_index_bee_streams, lemuel_fruit_fields, grunt_megastairs_3,
          minmay_lair_oklob_chamber
Lair:4:   portal_ice_cave_rime, nicolae_volcano_entry_hallway,
          nicolae_quartered_pool_super
Lair:5:   grunt_forest_stairs_clearing
Lair:6:   hangedman_lair_in_review, slime_altar_2

Table legend:
 A = Turns spent in this place as a percentage of turns spent in the entire game.
 B = Non-inter-level travel turns spent in this place as a percentage of non-inter-level travel turns spent in the entire game.
 C = Inter-level travel turns spent in this place as a percentage of turns spent in this place.
 D = Turns resting spent in this place as a percentage of non-inter-level travel turns spent in this place.
 E = Turns spent auto-exploring this place as a percentage of non-inter-level travel turns spent in this place.
 F = Non-inter-level travel turns spent in this place divided by the number of levels of this place that you've seen.
                   A       B       C       D       E      F
               +-------+-------+-------+-------+-------+----------------------
         Total | 100.0 | 100.0 |   4.7 |  32.4 |  37.7 | 1438.0
       Dungeon |  59.7 |  59.1 |   5.7 |  27.1 |  42.6 | 1246.8
        Temple |   0.4 |   0.3 |  18.9 |   0.0 |  78.6 | 103.0
          Lair |  39.9 |  40.6 |   3.2 |  40.4 |  30.1 | 2138.3
               +-------+-------+-------+-------+-------+----------------------

Table legend:
 A = Kills in this place as a percentage of kills in entire the game.
 B = Kills by you in this place as a percentage of kills by you in the entire game.
 C = Kills by friends in this place as a percentage of kills by friends in the entire game.
 D = Other kills in this place as a percentage of other kills in the entire game.
 E = Experience gained in this place as a percentage of experience gained in the entire game.
 F = Experience gained in this place divided by the number of levels of this place that you have seen.
                   A       B       C       D       E      F
               +-------+-------+-------+-------+-------+----------------------
         Total | 100.0 | 100.0 | 100.0 | 100.0 | 100.0 | 4769.4
       Dungeon |  66.8 |  67.0 |  69.6 |  55.2 |  55.8 | 3903.1
          Lair |  33.2 |  33.0 |  30.4 |  44.8 |  44.2 | 7730.2
               +-------+-------+-------+-------+-------+----------------------
